 Dungeon Crawl Stone Soup version 0.31-a0-229-g1fc7ce93e2 (webtiles) character file.

Game seed: 16225887467560886773

51 qw the Shooter (level 3, -1/21 HPs)
             Began as a Gargoyle Hexslinger on July 6, 2023.
             Killed from afar by an orc wizard (7 damage)
             ... with a magic dart
             ... on level 3 of the Dungeon.
             The game lasted 00:00:37 (1547 turns).

qw the Shooter (Gargoyle Hexslinger)                Turns: 1547, Time: 00:00:37

Health: -1/21      AC:  8    Str: 11    XL:     3   Next: 81%
Magic:  4/4        EV: 10    Int: 13    God:
Gold:   138        SH:  0    Dex: 14    Spells: 3/4 levels left

rFire   . . .        Y - +0 orcbow
rCold   . . .        (shield currently unavailable)
rNeg    + . .        d - +0 ring mail
rPois   inf          (no helmet)
rElec   +            (no cloak)
rCorr   .            (no gloves)
SInv    .            (no boots)
Will    .....        (no amulet)
Stlth   +            (no ring)
HPRegen 0.23/turn    (no ring)
MPRegen 0.09/turn

%: no passive effects
@: no status effects
A: sickness immunity, AC +3, negative energy resistance 1, electricity
resistance, torment resistance 1, petrification resistance
a: no special abilities


You were on level 3 of the Dungeon.
You visited 1 branch of the dungeon, and saw 3 of its levels.

You collected 138 gold pieces.


Innate Abilities, Weirdness & Mutations

You are immune to sickness and miasma.
Your stone body is resilient. (AC +3)
You are immune to poison.
You resist negative energy. (rN+)
You are resistant to electric shocks. (rElec)
You are resistant to unholy torment.
You are immune to petrification.


   Skills:
 - Level 2.0 Fighting
 + Level 3.6 Ranged Weapons
 - Level 1.5 Dodging
 - Level 1.0 Spellcasting
 - Level 2.6 Hexes


You had 3 spell levels left.
You knew the following spells:

 Your Spells              Type           Power      Damage    Failure   Level
a - Slow                  Hex            28%        N/A       22%         1

Your spell library contained the following spells:

 Spells                   Type           Power      Damage    Failure   Level
 Inner Flame              Hex/Fire       4%         N/A       75%         3
 Portal Projectile        Hex/Tloc       8%         N/A       75%         3
 Cause Fear               Hex            3%         N/A       92%         4

Inventory:

Hand Weapons
 Y - a +0 orcbow (weapon)
Armour
 d - a +0 ring mail (worn)
Scrolls
 c - a scroll of identify
 f - a scroll of enchant armour
Potions
 e - a potion of might {unknown}
 g - a potion of invisibility {unknown}

Dungeon Overview and Level Annotations

Branches:
Dungeon (3/15)

Altars:

Shops:
D:3 (


Message History

The orc shouts!
An orc comes into view. It is wielding a +0 whip.
Enter note:
Enter note: You shoot an arrow.
The arrow hits the orc.
The orc is severely wounded.
An orc wizard comes into view. It is wielding a +0 dagger of draining.
You shoot an arrow. The arrow closely misses the orc.
The orc wizard shouts!
You shoot an arrow.
The arrow hits the orc but does no damage.
The orc is severely wounded.
The orc wizard gestures wildly while chanting.
The orc wizard flickers and vanishes!
Deactivating autopickup; reactivate with Ctrl-A.
The orc misses you.
You shoot an arrow. The arrow hits the orc.
The orc is severely wounded.
You shoot an arrow. The arrow hits the orc!
You kill the orc!
You shoot an arrow. The arrow hits the orc!
You kill the orc!
You shoot an arrow.
Something hits you but does no damage. x2
You shoot an arrow. Something hits you.
You shoot an arrow.
You hear some strange, mumbled words.
A puff of flame appears from out of thin air!
The puff of flame hits you.
You hear some strange, mumbled words.
A puff of flame appears from out of thin air!
The puff of flame hits you!
You shoot an arrow. Something hits you.
You shoot an arrow.
You hear some strange, mumbled words.
A magic dart appears from out of thin air!
The magic dart hits you!
You die...

# #.###.#)# #.#
#.#.# +#######.#
#.#.# .........#
#.#.#
.######..###.#.#
#####........#
#..........###
....###.######
.. #@# ......{)#
###.#####


There were no monsters in sight!

Vanquished Creatures
  A dart slug (D:2)
  2 orcs (D:3)
  3 bats
  3 endoplasms (D:2)
  2 giant cockroaches (D:2)
  6 goblins
  2 hobgoblins (D:2)
  3 jackals
  2 quokkas (D:2)
  9 ball pythons
  3 frilled lizards
  3 kobolds
  5 rats
44 creatures vanquished.

Notes
Turn   | Place    | Note
-------+----------+-------------------------------------------
     0 | D:1      | qw the Gargoyle Hexslinger began the quest for the Orb.
     0 | D:1      | Reached XP level 1. HP: 12/12 MP: 2/2
     0 | D:1      | 0 ||| qw: Version: 0.3-a-46-gb1f654a
     0 | D:1      | 0 ||| qw: Game counter: 1608
     0 | D:1      | 0 ||| qw: Melee chars always use a shield: true
     0 | D:1      | 0 ||| qw: God list: Okawaru
     0 | D:1      | 0 ||| qw: Allow faded altars: false
     0 | D:1      | 0 ||| qw: Do Orc after clearing Dungeon:15 true
     0 | D:1      | 0 ||| qw: Do second Lair branch before Depths: true
     0 | D:1      | 0 ||| qw: Lair rune preference: random
     0 | D:1      | 0 ||| qw: Goals: Normal
     0 | D:1      | 0 ||| PLANNING D:1-11
   259 | D:1      | Reached XP level 2. HP: 16/16 MP: 3/3
   394 | D:1      | Reached skill level 3 in Ranged Weapons
   461 | D:1      | 461 ||| UPGRADING to +0 ring mail.
   471 | D:1      | 471 ||| DROPPING +0 robe.
   472 | D:1      | 472 ||| READING scroll labelled OHAEDAIMOTH.
   473 | D:1      | 473 ||| READING scroll labelled XACKICR KUNG.
   474 | D:1      | 474 ||| DROPPING scroll of poison.
   592 | D:2      | Reached XP level 3. HP: 21/21 MP: 4/4
   836 | D:2      | 836 ||| SWAPPING to +0 orcbow.
   838 | D:2      | 838 ||| DROPPING +1 sling.
  1252 | D:2      | 1252 ||| READING 2 scrolls labelled LIAPAEGIED.
  1253 | D:2      | 1253 ||| DRINKING 2 inky potions.
  1357 | D:2      | 1357 ||| DROPPING potion of berserk rage.
  1483 | D:3      | Found Qurikits's Antique Weapon Shop.
  1547 | D:3      | Killed from afar by an orc wizard

Levels and vault maps discovered:
D:1:      dpeg_arrival_shelter, layout_rooms, nrook_mini_vaults
D:2:      layout_basic, minmay_pentomino_pile
D:3:      layout_loops_corners, serial_shops, nicolae_shop_tiny_statue_garden,
          chequers_mini_garden, minmay_cut_off, uniq_crazy_yiuf_cottage,
          uniq_ijyb

Skill      XL: |  1  2  3 |
---------------+----------+-----
Ranged Weapons | 3 |  3.6
Fighting       | 2 |  2.0
Dodging        | |  1.5
Spellcasting   | |  1.0
Hexes          | |  2.6

Action                     || total
---------------------------++-------
   Fire: Sling             ||    97
         Orcbow            ||    36
    Use: Scroll            ||     3
         Potion            ||     1
 Armour: Robe              ||    20
         Ring mail         ||    28
  Dodge: Dodged            ||    64

Table legend:
 A = Non-vault XP
 B = Vault XP
 C = Vault XP percentage of total XP
 D = Non-vault monster count
 E = Vault monster count
 F = Vault count percentage of total count
                 A         B        C        D         E       F
            +---------+---------+-------+---------+---------+-------
      Total |      65 |       8 |  11.0 |      39 |       5 |  11.4
            +---------+---------+-------+---------+---------+-------
        D:1 |      22 |       0 |   0.0 |      15 |       0 |   0.0
        D:2 |      30 |       8 |  21.1 |      17 |       5 |  22.7
        D:3 |      13 |       0 |   0.0 |       7 |       0 |   0.0
            +---------+---------+-------+---------+---------+-------
